 Dungeon Crawl Stone Soup version 0.13-a0-1585-g6f4f798 (webtiles) character file.

280 Kae the Chiller (level 5, -11/35 HPs)
             Began as a Demonspawn Ice Elementalist on June 12, 2013.
             Shot with an arrow by a centaur (19 damage)
             ... on Level 4 of the Dungeon.
             The game lasted 00:09:35 (2845 turns).

Kae the Chiller (Demonspawn Ice Elementalist)       Turns: 2845, Time: 00:09:36

HP -11/35        AC  9     Str  9      XL: 5   Next: 38%
MP  10/10        EV 11     Int 17      God:
Gold 94          SH  0     Dex 13      Spells:  1 memorised,  8 levels left

Res.Fire  : x . .   See Invis. : .   (no weapon)
Res.Cold  : + . .   Warding    : .   a - +0 robe
Life Prot.: + . .   Conserve   : .   (no shield)
Res.Poison: .       Res.Corr.  : .   (no helmet)
Res.Elec. : .       Clarity    : .   u - +1 cloak
Sust.Abil.: . .     Spirit.Shd : .   (no gloves)
Res.Mut.  : .       Stasis     : .   g - +1 pair of boots
Res.Rott. : .       Flight     : .   (no amulet)
Saprovore : . . .                    o - cursed ring of life protection
                                     j - ring of ice

@: slightly resistant to hostile enchantments, fairly stealthy
A: demonic guardian 1, AC +3, EV -1
a: no special abilities


You were on level 4 of the Dungeon.
You were very hungry.

You visited 1 branch of the dungeon, and saw 4 of its levels.

You collected 104 gold pieces.
You spent 30 gold pieces at shops.

Inventory:

Armour
 a - a +0 robe (worn)
 g - a +1 pair of boots (worn)
 u - a +1 cloak (worn)
Magical devices
 d - a wand of enslavement (22)
Comestibles
 c - 5 bread rations
 f - a pear
 q - a choko
 v - an apple
 w - a meat ration
Scrolls
 e - a scroll of enchant weapon I
 h - 2 scrolls of recharging
 k - 2 scrolls of teleportation
 l - 2 scrolls of remove curse {unknown}
 p - a scroll of fear
Jewellery
 i - an uncursed ring of see invisible
 j - a ring of ice (left hand)
 o - a cursed ring of life protection (right hand)
 t - an uncursed ring of magical power
Potions
 m - a potion of curing {unknown}
 n - a potion of magic {unknown}
 r - a potion of slowing {unknown}
 B - a potion of flight {unknown}
Books
 b - a book of Frost

   Spells                             Type                      Level
   *Freeze                            Ice                          1
   Throw Frost                        Conjuration/Ice              2
   Ozocubu's Armour                   Charms/Ice                   3
   Throw Icicle                       Conjuration/Ice              4
   Summon Ice Beast                   Ice/Summoning                4
   Condensation Shield                Ice                          4


   Skills:
 + Level 2.4 Dodging
 + Level 2.2 Stealth
 + Level 0.1 Traps
 + Level 2.7 Spellcasting
   Level 1.0 Conjurations
 + Level 4.3 Ice Magic


You had 8 spell levels left.
You knew the following spells:

 Your Spells              Type           Power        Failure   Level  Hunger
a - Freeze                Ice            ####         2%          1    #......


Dungeon Overview and Level Annotations

Branches:
Dungeon (4/27)
 Temple: D:4-7

Altars:

Shops:
D:4: [


Innate Abilities, Weirdness & Mutations

You are mostly covered in icy blue scales (AC +3, EV -1).
A weak demonic guardian rushes to your aid.


Message History

HP restored.
You climb downwards.
There is a stone staircase leading up here.
Unknown command.
You start waiting.
You start waiting.
The centaur shoots an arrow.
The arrow hits you!
The centaur shoots an arrow.
The arrow misses you.
You see here 2 arrows.
The centaur shoots an arrow.
The arrow hits you!
There is a stone staircase leading up here.
You see here an arrow.
You swap places.
You swap places.
The centaur shoots an arrow.
The arrow hits you!
The centaur shoots an arrow.
The arrow hits you!
* * * LOW HITPOINT WARNING * * *
You see here 2 arrows.
The centaur shoots an arrow.
The arrow hits you!
Ouch! That really hurt!
You die...

# ###.##.###.....####
#..c#.# ###......# #...#.#
#......# #...#.#####......#
#...#.##.........#
#..(#.##.........#
##.(#.##.........# #
######c.#(##.........# ...
).[......(@...........#
##..#######..#(##)........#
....... #..#5##.........#
#.......####..#.....>##.#.##
#.........<................#
#.......####..#####.###.#..#
......? #..# #.# #.#..###
....... #..# #.# #......#
....... #..# #.# #......#


You could see a centaur and a friendly iron imp.

Vanquished Creatures
  An orc priest (D:3)
  An orc wizard (D:4)
  4 adders
  An iguana skeleton (D:4)
  3 worms
  A giant gecko (D:4)
  5 orcs
  A ball python (D:1)
  4 giant cockroaches
  9 hobgoblins
  8 kobolds
  A quokka (D:4)
  11 bats
  4 giant newts
  7 goblins
  8 rats
69 creatures vanquished.

Vanquished Creatures (collateral kills)
  2 orcs (D:4)
2 creatures vanquished.

Vanquished Creatures (others)
  A crimson imp (D:3)
  A lemure (D:3)
  An ufetubus (D:4)
  A kobold (D:4)
  A giant newt (D:3)
5 creatures vanquished.

Grand Total: 76 creatures vanquished

Notes
Turn   | Place    | Note
--------------------------------------------------------------
     0 | D:1      | Kae, the Demonspawn Ice Elementalist, began the quest for the Orb.
     0 | D:1      | Reached XP level 1. HP: 13/13 MP: 3/3
   161 | D:1      | Reached skill level 3 in Ice Magic
   211 | D:1      | Gained mutation: You are partially covered in icy blue scales (AC +1). [demonic ancestry]
   211 | D:1      | Reached XP level 2. HP: 17/19 MP: 1/4
   833 | D:2      | Reached XP level 3. HP: 24/24 MP: 4/6
  1450 | D:3      | Gained mutation: A weak demonic guardian rushes to your aid. [demonic ancestry]
  1450 | D:3      | Reached XP level 4. HP: 30/30 MP: 5/8
  2059 | D:3      | Reached skill level 4 in Ice Magic
  2177 | D:4      | Gained mutation: You are mostly covered in icy blue scales (AC +3, EV -1). [demonic ancestry]
  2177 | D:4      | Reached XP level 5. HP: 32/35 MP: 10/10
  2277 | D:4      | Found Amajean's Antique Armour Emporium.
  2453 | D:4      | Bought a cloak for 30 gold pieces
  2596 | D:4      | Noticed a centaur
  2845 | D:4      | Shot with an arrow by a centaur

Action                   |  1- 3 |  4- 6 || total
-------------------------+-------+-------++-------
Melee: Unarmed           |     8 |    32 ||    40
 Cast: Freeze            |    70 |    48 ||   118
Evoke: Wand              |       |     2 ||     2
  Use: Scroll            |     9 |     3 ||    12
